 Dungeon Crawl Stone Soup version 0.29.1-15-g9cfb28693d (webtiles) character file.

Game seed: 7551476310590361638

72 Thatpatchoflichen the Slasher (level 4, -5/38 HPs)
             Began as a Ghoul Monk on Feb 23, 2023.
             Killed from afar by a steam dragon (21 damage)
             ... with a ball of steam
             ... on level 5 of the Dungeon.
             The game lasted 00:05:43 (2160 turns).

Thatpatchoflichen the Slasher (Ghoul Monk)          Turns: 2160, Time: 00:05:43

Health: -5/38      AC: 14    Str: 14    XL:     4   Next: 26%
Magic:  3/3        EV:  6    Int:  5    God:
Gold:   78         SH:  0    Dex: 13    Spells: 3/3 levels left

rFire   . . .      SeeInvis .   a - +0 falchion
rCold   + + .      Faith    .   (no shield)
rNeg    + + +      Spirit   .   n - +2 chain mail {rC+}
rPois   ∞          Reflect  .   (no helmet)
rElec   .          Harm     .   (no cloak)
rCorr   .          Rampage  .   t - +2 pair of gloves
Will    .....                   v - +0 pair of boots
Stlth   ..........              (no amulet)
HPRegen 0.00/turn               (no ring)
MPRegen 0.08/turn               (no ring)

@: inhibited regen
A: claws 1, cold resistance 1, negative energy resistance 3, inhibited
regeneration, torment resistance 2, devour on kill
a: no special abilities


You were on level 5 of the Dungeon.
You visited 1 branch of the dungeon, and saw 5 of its levels.

You collected 78 gold pieces.

Inventory:

Hand Weapons
 a - a +0 falchion (weapon)
Armour
 g - a +0 pair of boots
 n - a +2 chain mail of cold resistance (worn)
 q - the +2 pair of gloves "Ybiyhefe" {*Corrode rC+++ Int+2}
   (You found it on level 2 of the Dungeon)

   Int:       It affects your intelligence (+2).
   rC:        It renders you almost immune to cold.
   *Corrode:  It may corrode you when you take damage.
 t - a +2 pair of gloves (worn)
 v - a +0 pair of boots (worn)
Scrolls
 d - 2 scrolls of blinking {unknown}
 e - a scroll of vulnerability {unknown}
 f - a scroll of fog {unknown}
 i - 2 scrolls of enchant weapon {unknown}
 l - 3 scrolls of teleportation {unknown}
 p - 2 scrolls of immolation {unknown}
 r - a scroll of identify {unknown}
Potions
 b - a potion of might {unknown}
 c - a potion of ambrosia
 h - 2 potions of mutation {unknown}
 j - 2 potions of cancellation {unknown}
 k - a potion of haste {unknown}
 m - a potion of curing {unknown}
 o - a potion of heal wounds {unknown}
 s - a potion of magic {unknown}
 u - a potion of lignification {unknown}


   Skills:
 - Level 3.2 Fighting
 - Level 4.0 Long Blades
 + Level 1.4 Armour
 - Level 3.0 Dodging
 - Level 2.1 Stealth


You had 3 spell levels left.
You didn't know any spells.
Your spell library was empty.

Dungeon Overview and Level Annotations

Branches:
Dungeon (5/15)
 Temple: D:4-7

Altars:
Okawaru

Shops:
D:1 =


Innate Abilities, Weirdness & Mutations

You are immune to poison.
You have sharp fingernails.
Your flesh is cold resistant. (rC+)
You are immune to negative energy. (rN+++)
You do not regenerate when monsters are visible.
You are immune to unholy pain and torment.
You thrive by killing the living.


Message History

You hit the steam dragon but do no damage.
The steam dragon is lightly wounded.
The steam dragon bites you but does no damage.
The steam dragon claws you but does no damage.
You hit the steam dragon.
The steam dragon is moderately wounded.
The steam dragon bites you but does no damage.
The steam dragon barely misses you.
You hit the steam dragon.
The steam dragon is moderately wounded.
The steam dragon bites you.
The steam dragon claws you but does no damage.
You closely miss the steam dragon.
The steam dragon is moderately wounded.
The steam dragon bites you.
The steam dragon claws you but does no damage.
You hit the steam dragon but do no damage.
The steam dragon is moderately wounded.
The steam dragon breathes steam at you. The ball of steam misses you.
You hear a bark!
You hit the steam dragon.
The steam dragon is moderately wounded.
You are engulfed in a cloud of scalding steam.
The steam dragon bites you.
The steam dragon claws you but does no damage.
A hound comes into view.
You hit the steam dragon but do no damage.
The steam dragon is moderately wounded.
You are engulfed in a cloud of scalding steam.
The steam dragon barely misses you. x2
You closely miss the steam dragon.
The steam dragon is moderately wounded.
You are engulfed in a cloud of scalding steam.
The steam dragon completely misses you.
The steam dragon claws you but does no damage.
The steam dragon breathes steam at you. The ball of steam hits you!!
Ouch! That really hurt!
You die...

### #
##.##.#
###...#.
......
#... #
####h##.#
#.§§<@D.#
#.#######


You could see a steam dragon (catching breath) and a hound.

Vanquished Creatures
  2 adders
  A worm (D:3)
  A dart slug (D:1)
  4 ball pythons
  5 endoplasms
  3 giant cockroaches
  8 goblins
  2 hobgoblins (D:1)
  2 quokkas
  8 bats
  6 frilled lizards
  3 kobolds
  A rat (D:3)
46 creatures vanquished.

Notes
Turn   | Place    | Note
-------+----------+-------------------------------------------
     0 | D:1      | Thatpatchoflichen the Ghoul Monk began the quest for the
                  | Orb.
     0 | D:1      | Reached XP level 1. HP: 19/19 MP: 0/0
     2 | D:1      | Found an iron altar of Okawaru.
   104 | D:1      | Reached skill level 3 in Long Blades
   130 | D:1      | Reached XP level 2. HP: 23/26 MP: 1/1
   718 | D:1      | Found Kuhua's Jewellery Emporium.
  1060 | D:2      | Reached XP level 3. HP: 31/31 MP: 2/2
  1154 | D:2      | Identified the +2 pair of gloves "Ybiyhefe" {*Corrode rC+++
                  | Int+2}
  1600 | D:3      | Reached skill level 1 in Armour
  1759 | D:3      | Reached XP level 4. HP: 38/38 MP: 3/3
  2085 | D:4      | Reached skill level 4 in Long Blades
  2145 | D:4      | Noticed a scorpion
  2149 | D:5      | Entered Level 5 of the Dungeon
  2149 | D:5      | Noticed a steam dragon
  2160 | D:5      | Killed from afar by a steam dragon

Illustrated notes

Levels and vault maps discovered:
D:1:      sevenhm_arrival_forest_fort_small_6, layout_basic, serial_shops, shop
D:2:      layout_basic
D:3:      layout_rooms
D:4:      layout_loops_cross, gammafunk_temple_overflow_statue, roderic_batcave,
          chequers_serial_rivers_marsh, amethyst_killhole
D:5:      layout_loops_corners, lemuel_temple_firewalk_b, serial_shops,
          nicolae_shop_crystal, kennysheep_boxes

Skill      XL: |  1  2  3  4 |
---------------+-------------+-----
Long Blades    | 3 4 |  4.0
Armour         | 1 |  1.4
Dodging        | 3 |  3.0
Fighting       | |  3.2
Stealth        | |  2.1

Action                   |  1- 3 |  4- 6 || total
-------------------------+-------+-------++-------
Melee: Falchion          |   123 |    40 ||   163
       Punch             |     1 |       ||     1
Armor: Robe              |    30 |       ||    30
       Chain mail        |    58 |    48 ||   106
       Scale mail        |     7 |       ||     7
Dodge: Dodged            |   107 |    27 ||   134
